 Dungeon Crawl Stone Soup version 0.27.1-2-g3b301248ec (webtiles) character file.

Game seed: 10452572191916343842

602 nightchill the Chopper (level 7, -1/62 HPs)
             Began as a Hill Orc Fighter on Sept 28, 2021.
             Was a Follower of Beogh.
             Slain by a gnoll (3 damage)
             ... on level 6 of the Dungeon.
             The game lasted 00:07:21 (4421 turns).

nightchill the Chopper (Hill Orc Fighter)           Turns: 4421, Time: 00:07:21

Health: -1/62      AC: 11    Str: 21    XL:     7   Next: 41%
Magic:  10/10      EV:  3    Int:  8    God:    Beogh [*.....]
Gold:   227        SH:  9    Dex: 10    Spells: 6/6 levels left

rFire    . . .     SeeInvis .   a - +0 war axe
rCold    . . .     Faith    .   c - +0 kite shield
rNeg     . . .     Spirit   .   i - +0 plate armour
rPois    .         Reflect  .   (no helmet)
rElec    .         Harm     .   (no cloak)
rCorr    .         Rampage  .   (no gloves)
Will     .....                  (no boots)
Stlth    ..........             (no amulet)
HPRegen  0.20/turn              (no ring)
MPRegen  0.12/turn              (no ring)

@: mighty
A: no striking features
a: Renounce Religion


You were on level 6 of the Dungeon.
You worshipped Beogh.
Beogh was aware of your devotion.
You visited 1 branch of the dungeon, and saw 5 of its levels.

You collected 227 gold pieces.

Inventory:

Hand Weapons
 a - a +0 war axe (weapon)
Armour
 b - a +0 scale mail
 c - a +0 kite shield (worn)
 i - a +0 plate armour (worn)
Jewellery
 q - a ring of resist corrosion
Wands
 n - a wand of acid (6)
Scrolls
 f - 3 scrolls of teleportation {unknown}
 g - 2 scrolls of enchant armour {unknown}
 h - 2 scrolls of fear {unknown}
 l - a scroll of magic mapping {unknown}
 m - a scroll of fog {unknown}
 o - a scroll of enchant weapon {unknown}
 p - a scroll of immolation {unknown}
Potions
 d - 2 potions of might
 e - a potion of degeneration {unknown}
 j - a potion of lignification {unknown}
 k - a potion of resistance {unknown}
 r - a potion of curing


   Skills:
 + Level 5.8 Fighting
 * Level 7.8 Axes
 - Level 3.2 Armour
 - Level 3.2 Shields
 * Level 4.6 Invocations


You had 6 spell levels left.
You didn't know any spells.
Your spell library contained the following spells:

 Spells                   Type           Power      Damage    Failure   Level
 Corona                   Hex            0%         N/A       100%        1
 Shock                    Conj/Air       0%         1d3       100%        1
 Ensorcelled Hibernation  Hex/Ice        0%         N/A       100%        2
 Swiftness                Air            0%         N/A       100%        3
 Tukima's Dance           Hex            0%         N/A       100%        3
 Airstrike                Air            0%         N/A       100%        4
 Freezing Cloud           Conj/Ice/Air   0%         6-21      100%        5
 Simulacrum               Ice/Necr       0%         N/A       100%        6
 Polar Vortex             Ice            0%         N/A       100%        9


Dungeon Overview and Level Annotations

Branches:
Dungeon (4/15)
 Temple: D:4-7

Altars:
Hepliaklqana
Okawaru
Xom
Zin

Shops:
D:3 (

Annotations:
D:2 exclusion: upstairs


Message History

The gnoll shaman hits you from afar with a +0 halberd!
* * * LOW HITPOINT WARNING * * *
You block the gnoll's attack.
The gnoll shaman hits you from afar with a +0 halberd!
* * * LOW HITPOINT WARNING * * *
The gnoll hits you with a +0 flail.
* * * LOW HITPOINT WARNING * * *
The gnoll shaman calls upon its god to speed up the gnoll.
The gnoll seems to speed up.
Items here: ( ))) ††.
Found 13 gold pieces.
The gnoll hits you but does no damage.
The gnoll shaman calls upon its god to speed up something.
It was a potion of curing.
You feel better. You block the gnoll's attack.
The gnoll hits you but does no damage. The gnoll hits you with a +0 flail.
* * * LOW HITPOINT WARNING * * *
The gnoll hits you with a +0 flail.
* * * LOW HITPOINT WARNING * * *
You feel better.
The gnoll is no longer moving quickly.
The gnoll hits you with a +0 flail.
* * * LOW HITPOINT WARNING * * *
You slash the gnoll!
You kill the gnoll!
Beogh accepts your kill. The kobold hits you but does no damage.
You slash the kobold!
You kill the kobold!
Beogh accepts your kill. The gnoll hits you but does no damage.
The gnoll hits you with a +0 flail!
* * * LOW HITPOINT WARNING * * *
You block the gnoll's attack.
You closely miss the gnoll. The gnoll hits you with a +0 flail.
* * * LOW HITPOINT WARNING * * *
The gnoll hits you from afar with a +0 halberd.
* * * LOW HITPOINT WARNING * * *
The gnoll hits you with a +0 flail!
* * * LOW HITPOINT WARNING * * *
You block the gnoll's attack. The gnoll hits you with a +0 flail.
You die...

#. ###.#####
.........
........#####
....$.......#
#......g....# #
.#.###g###.####.##.##
#g# #.gg.gg..... #@#
#.####g..... #.# #.#
##.#. #.. #.# ###.#.#
.#.# ..# .. ##


You could see 3 gnolls.

Vanquished Creatures
  A black bear (D:4)
  A phantom (D:4)
  2 kobold brigands (D:6)
  A scorpion (D:4)
  Terence (D:3)
  An orc wizard (D:3)
  A hound skeleton (D:4)
  5 gnolls
  2 adders
  3 dart slugs
  3 worms
  5 orcs (D:3)
  9 endoplasms
  3 giant cockroaches
  9 goblins
  4 hobgoblins
  9 jackals
  23 kobolds
  A quokka (D:1)
  4 ball pythons
  10 bats
  2 frilled lizards (D:2)
  5 rats
105 creatures vanquished.

Vanquished Creatures (others)
  2 jackals (D:3)
  8 plants (D:2)
10 creatures vanquished.

Grand Total: 115 creatures vanquished

Notes
Turn   | Place    | Note
-------+----------+-------------------------------------------
     0 | D:1      | nightchill the Hill Orc Fighter began the quest for the
                  | Orb.
     0 | D:1      | Reached XP level 1. HP: 19/19 MP: 1/1
    41 | D:1      | Reached skill level 3 in Axes
   170 | D:1      | Reached XP level 2. HP: 27/27 MP: 2/2
   306 | D:1      | Reached skill level 4 in Axes
   312 | D:1      | Reached XP level 3. HP: 21/33 MP: 3/3
  1090 | D:2      | Noticed a floating eye
  1092 | D:2      | Found a faded altar of an unknown god.
  1094 | D:2      | Noticed a golden eye
  1094 | D:2      | Noticed a floating eye
  1094 | D:2      | Noticed a floating eye
  1926 | D:3      | Reached XP level 4. HP: 41/41 MP: 4/4
  1941 | D:3      | Noticed Terence
  1957 | D:3      | Killed Terence
  1958 | D:3      | Reached skill level 5 in Axes
  2014 | D:3      | Found a shimmering altar of Xom.
  2014 | D:3      | Found a glowing silver altar of Zin.
  2014 | D:3      | Noticed an angel
  2371 | D:3      | Reached XP level 5. HP: 44/47 MP: 5/5
  2419 | D:3      | Reached skill level 6 in Axes
  2644 | D:3      | Found Cukhiod's Antique Weapon Boutique.
  2693 | D:3      | Became a worshipper of Beogh the Brigand
  2700 | D:3      | Reached skill level 5 in Fighting
  2736 | D:3      | Reached skill level 1 in Invocations
  2999 | D:3      | Found a hazy altar of Hepliaklqana.
  3512 | D:4      | Noticed a black bear
  3529 | D:4      | Killed a black bear
  3530 | D:4      | Reached XP level 6. HP: 33/56 MP: 7/7
  3795 | D:4      | Found an iron altar of Okawaru.
  3820 | D:4      | Reached skill level 7 in Axes
  4177 | D:4      | Reached XP level 7. HP: 61/61 MP: 9/9
  4384 | D:4      | You fall into a shaft and drop 2 floors!
  4401 | D:6      | Reached * piety under Beogh
  4420 | D:6      | HP: 2/62 [gnoll (9)]
  4421 | D:6      | Slain by a gnoll

Illustrated notes

Levels and vault maps discovered:
D:1:      sevenhm_arrival_forest_fort_small_4, layout_basic
D:2:      layout_basic, hellmonk_ecumenical_altar_watching_god,
          lexackson_kobold_supper
D:3:      layout_loops_cross, grunt_temple_overflow_order_and_chaos_1,
          mainiacjoe_overflow_small_starburst, serial_co_window_serial,
          co_window_paths_a, co_window_paths_a, co_window_paths_a,
          co_window_paths_a, co_window_paths_a, co_window_of_opportunity_a,
          co_window_unsneaky_path_d, co_window_of_opportunity_c,
          co_window_corner_cb, co_window_of_opportunity_b, co_window_broadway_a,
          co_window_4corner_b, serial_shops, shop, uniq_terence
D:4:      layout_gridville, okawaru_ov_weapons_minmay
D:6:      layout_loops_ring, chequers_temple_overflow_minitemple,
          minmay_temple_entry_offerings

Skill      XL: |  1  2  3  4  5  6  7 |
---------------+----------------------+-----
Axes           | 3 4 5 6 7 |  7.8
Fighting       | 4 5 |  5.8
Invocations    | 2 3 4 |  4.6
Armour         | |  3.2
Shields        | |  3.2

Action                   |  1- 3 |  4- 6 |  7- 9 || total
-------------------------+-------+-------+-------++-------
Melee: War axe           |   137 |   151 |    25 ||   313
Invok: Convert to Beogh  |       |     1 |       ||     1
  Use: Potion            |       |       |     3 ||     3
Armor: Scale mail        |    19 |       |       ||    19
       Plate armour      |    77 |   120 |    20 ||   217
Dodge: Dodged            |    29 |    18 |     3 ||    50
Block: Kite shield       |    81 |    68 |    12 ||   161
